Map: Apotheosis LE

Players

Oven - Winner!

  • Race: Terran Terran
  • League: Silver

Gracz

  • Race: Zerg Zerg
  • League: Silver

VOD

Have the link to the VOD?

Description

Time

  • Played on: Sept. 26, 2016, 10:20 a.m.
  • Length: 13:20
Show
View Real Time Build Order
Export as new Build Order

Oven Terran - Winner!

Build Orders: Bio Tank 

Get SALT Encoding   

  12  0:02  SCV  
  13  0:14  SCV  
  14  0:23  Supply Depot  
  14  0:26  SCV  
  15  0:45  SCV  
  16  0:50  Barracks  
  16  0:53  Refinery  
  16  0:57  SCV  
  17  1:09  SCV  
  18  1:21  SCV  
  19  1:37  Reaper, Orbital Command  
  20  1:44  Bunker  
  20  2:04  SCV  
  20  2:06  Supply Depot  
  21  2:09  Marine  
  22  2:17  SCV  
  22  2:19  Barracks  
  23  2:28  Marine  
  23  2:29  SCV  
  24  2:37  Command Center  
  24  2:41  Bunker  
  24  2:45  Marine, SCV  
  26  2:58  SCV  
  27  2:59  Refinery  
  27  3:19  SCV  
  28  3:20  Marine  
  28  3:23  Barracks Tech Lab  
  29  3:44  Marine x2  
  29  3:45  Stimpack  
  29  3:46  Factory  
  31  3:49  SCV  
  31  3:50  Orbital Command  
  32  4:04  Marine  
  32  4:05  Marine  
  34  4:22  Marine  
  34  4:23  Marine, SCV  
  37  4:31  Orbital Command  
  37  4:34  Starport  
  37  4:35  SCV  
  37  4:36  Factory Tech Lab  
  38  4:43  Marine x2  
  40  4:49  SCV  
  41  4:58  Siege Tank  
  44  5:01  SCV x2  
  46  5:24  Starport Reactor  
  46  5:36  Factory  
  46  5:38  Factory  
  46  5:40  Barracks  
  46  5:41  Barracks, Command Center  
  46  5:49  Supply Depot  
  46  5:50  Supply Depot  
  46  5:52  Supply Depot  
  46  5:58  Combat Shields  
  46  6:10  Marine, Siege Tank, SCV x2  
  52  6:22  Refinery x2, SCV x2  
  53  6:28  Marine  
  54  6:34  Supply Depot x2, SCV x2  
  54  6:36  Supply Depot  
  54  6:37  Supply Depot  
  54  6:39  Barracks Reactor  
  56  6:40  Barracks Reactor  
  56  6:41  Factory Tech Lab x2  
  56  6:43  Medivac x2  
  60  6:49  SCV x2  
  62  6:56  Supply Depot  
  62  6:59  Supply Depot  
  62  7:01  SCV x2  
  64  7:09  Widow Mine x2  
  64  7:12  Siege Tank  
  71  7:29  SCV x2  
  73  7:37  Marine x2, Engineering Bay, Barracks Reactor  
  73  7:38  Marine x2, Engineering Bay  
  73  7:39  Marine  
  73  7:41  SCV x2  
  80  7:48  Orbital Command  
  80  7:53  SCV x2  
  80  7:55  Marine x2  
  80  7:56  Marine x3  
  87  8:04  Medivac x2, Siege Tank  
  94  8:05  SCV x2  
  94  8:06  Concussive Shells  
  96  8:12  Marine  
  96  8:13  Marine, SCV  
  96  8:14  Marine x2  
  96  8:17  SCV  
  96  8:18  SCV  
  103  8:23  Widow Mine x2  
  103  8:25  SCV  
  108  8:27  Marine x2  
  108  8:28  Marine  
  108  8:30  Marine, SCV x2  
  114  8:34  Terran Infantry Armor Level 1, Terran Infantry Weapons Level 1  
  114  8:36  Siege Tank  
  114  8:37  Refinery  
  114  8:39  Armory, Refinery  
  117  8:49  Missile Turret  
  117  8:53  Missile Turret  
  117  9:07  Marine x2  
  119  9:12  Supply Depot x2  
  119  9:14  Supply Depot  
  119  9:21  Missile Turret x2  
  119  9:26  Armory  
  119  9:29  Starport  
  119  9:31  Missile Turret  
  119  9:33  Supply Depot  
  119  9:51  SCV x3  
  124  10:00  Marauder  
  124  10:03  Medivac x2, SCV x2  
  130  10:11  Marine x3  
  132  10:14  Starport Tech Lab  
  132  10:16  Terran Ship Weapons Level 1, Terran Vehicle Weapons Level 1  
  132  10:27  Command Center  
  132  10:29  Command Center  
  132  10:34  SCV x2  
  132  10:35  SCV  
  135  10:37  Siege Tank  
  135  10:38  Siege Tank x2  
  144  10:57  Marine x2  
  144  10:58  Marine x5  
  144  11:03  Supply Depot  
  144  11:04  Supply Depot  
  151  11:06  Supply Depot  
  151  11:08  Supply Depot  
  151  11:15  Marine x3  
  151  11:16  Marine x2  
  149  12:25  Marine  
  149  12:26  Marine x6  
  149  13:00  Marine x6  
Show
View Real Time Build Order
Export as new Build Order

Gracz Zerg 

Build Orders: Pool First 

Get SALT Encoding   

  12  0:01  Drone  
  13  0:15  Drone  
  13  0:16  Overlord  
  14  0:37  Spawning Pool  
  13  0:47  Drone x2  
  15  0:52  Extractor, Drone  
  15  1:25  Hatchery  
  14  1:37  Zergling x2  
  14  1:38  Zergling x4  
  17  1:42  Queen  
  19  2:12  Metabolic Boost  
  19  2:36  Drone x2  
  20  2:44  Queen  
  22  2:51  Drone  
  21  3:09  Spine Crawler  
  20  3:13  Zergling x2  
  20  3:14  Zergling x2  
  18  3:42  Zergling x2  
  18  3:43  Zergling x6  
  18  3:44  Zergling x4  
  24  3:48  Queen  
  26  4:01  Overlord  
  26  4:17  Roach Warren  
  26  4:23  Zergling x2  
  26  4:24  Zergling x6  
  23  4:58  Drone x5  
  28  5:04  Hatchery  
  27  5:27  Queen  
  29  5:30  Overlord x3  
  29  6:04  Drone x4  
  33  6:12  Extractor  
  29  6:33  Drone  
  29  6:34  Drone x7  
  37  6:57  Roach  
  37  6:58  Roach x3  
  45  7:03  Drone  
  46  7:17  Hatchery  
  45  7:36  Roach  
  59  7:37  Roach x6  
  59  7:43  Overlord x2  
  59  8:01  Queen x2  
  63  8:09  Drone x5  
  63  8:10  Drone x3  
  71  8:42  Drone x4  
  71  8:43  Drone  
  71  8:45  Roach x2  
  71  8:47  Lair  
  80  8:50  Overlord  
  80  9:13  Roach x4  
  80  9:14  Overlord x2  
  80  9:15  Overlord  
  88  9:21  Extractor  
  88  9:22  Extractor  
  88  9:23  Drone  
  88  9:24  Drone x2  
  89  9:43  Hatchery  
  88  10:53  Roach  
  88  10:54  Roach x9  
  108  11:00  Drone  
  108  11:01  Drone x7  
  116  11:04  Drone  
  116  11:05  Overlord  
  116  11:06  Overlord  
  93  11:31  Ravager  
  73  11:33  Ravager x6  
  73  11:34  Ravager x3  
  73  11:35  Ravager  
  66  11:51  Roach x8  
  66  11:52  Roach x8  
  77  12:19  Ravager x4  
  77  12:20  Ravager x5  
Tags
 
Add a new tag
Caveats
  • Supply blocks, unpowered buildings, or Contaminate may cause inaccurate times.
  • Supply counts are checked every 10 seconds.